 Dungeon Crawl Stone Soup version 0.28.0 (webtiles) character file.

Game seed: 14195417095359382236

121 fragbeetle the Poker (level 4, -4/33 HPs)
             Began as a Demonspawn Gladiator on Feb 13, 2022.
             Was a Believer of Lugonu.
             Slain by a wyvern skeleton (14 damage)
             ... on level 3 of the Dungeon.
             The game lasted 00:04:17 (2340 turns).

fragbeetle the Poker (Demonspawn Gladiator)         Turns: 2340, Time: 00:04:17

Health: -4/33      AC:  5    Str: 17    XL:     4   Next: 77%
Magic:  4/4        EV: 12    Int:  9    God:    Lugonu [**....]
Gold:   44         SH:  0    Dex: 14    Spells: 3/3 levels left

rFire   . . .      SeeInvis .   l - +2 hand axe (elec)
rCold   . . .      Faith    .   (no shield)
rNeg    . . .      Spirit   .   b - +0 leather armour
rPois   .          Reflect  .   c - +0 helmet
rElec   .          Harm     .   (no cloak)
rCorr   .          Rampage  .   (no gloves)
Will    .....                   h - +0 pair of boots
Stlth   +.........              (no amulet)
HPRegen 0.11/turn               (no ring)
MPRegen 0.09/turn               (no ring)

@: no status effects
A: hooves 1, foul stench 1
a: Renounce Religion, Depart the Abyss, Bend Space


You were on level 3 of the Dungeon.
You worshipped Lugonu.
Lugonu was pleased with you.
You visited 1 branch of the dungeon, and saw 3 of its levels.

You collected 116 gold pieces.
You spent 72 gold pieces at shops.

Inventory:

Hand Weapons
 a - a +0 trident
 l - a +2 hand axe of electrocution (weapon)
Missiles
 d - 3 throwing nets (quivered)
 j - 12 poisoned darts
Armour
 b - a +0 leather armour (worn)
 c - a +0 helmet (worn)
 h - a +0 pair of boots (worn)
Jewellery
 f - a +6 ring of strength
Wands
 n - a wand of flame (13)
Scrolls
 g - 2 scrolls of identify
 m - a scroll of teleportation
Potions
 e - a potion of haste
 k - a potion of mutation


   Skills:
 - Level 2.0 Fighting
 + Level 2.1(3.6) Axes
 - Level 4.4(4.7) Polearms
 - Level 1.7 Throwing
 - Level 2.6 Dodging


You had 3 spell levels left.
You didn't know any spells.
Your spell library contained the following spells:

 Spells                   Type           Power      Damage    Failure   Level
 Corpse Rot               Necr/Air       0%         N/A       58%         2
 Poisonous Vapours        Pois/Air       0%         N/A       58%         2


Dungeon Overview and Level Annotations

Branches:
Dungeon (3/15)

Altars:
Uskayaw
Xom
Lugonu

Shops:
D:1 ?   D:3 ?


Innate Abilities, Weirdness & Mutations

You have large cloven feet.
You may rarely emit foul miasma when damaged in melee.


Message History

You see here a +0 club.
Things that are here:
a +0 robe; a +0 dagger; an orc skeleton
Items here: )) รทรท.
You now have enough gold to buy a scroll of immolation on this level, buy a scroll of magic mapping on this level, or buy a scroll of amnesia on D:1.
You can access your shopping list by pressing '$'.
You now have 44 gold pieces (gained 14).
You open the door.
There is an open door here.
The helpless ball python fails to defend itself.
You hit the ball python.
You kill the ball python!
Lugonu accepts your kill.
No target in view!
No target in view!
You see here a ball python corpse.
You open the door.
There is an open door here.
Found a stone staircase leading down.
There is a stone staircase leading down here.
A wyvern skeleton comes into view.
A wyvern skeleton is nearby!
A wyvern skeleton is nearby!
You hit the wyvern skeleton.
The wyvern skeleton is lightly damaged.
The wyvern skeleton barely misses you.
You hit the wyvern skeleton.
The wyvern skeleton is lightly damaged.
The wyvern skeleton bites you.
You emit a cloud of foul miasma!
The wyvern skeleton bites you!
You hit the wyvern skeleton.
The wyvern skeleton is moderately damaged.
The wyvern skeleton bites you!
You are too injured to fight recklessly!
You are too injured to fight recklessly!
You hit the wyvern skeleton.
Lightning courses through the wyvern skeleton!!
The wyvern skeleton is almost destroyed.
The wyvern skeleton closely misses you. The wyvern skeleton bites you!
You die...

##### #...
####.########
#+#######>...........
..........##.........
...?......##..#########
.......@..##..#........
.......Z..##..#........
..............'........
..........##..#........
..........##..#.####...
.###......##..#...### .
#......#...#.....###
#......#..##.......#
#...........#


You could see a wyvern skeleton.

Vanquished Creatures
  An orc wizard (D:3)
  4 adders (D:2)
  2 worms
  A dart slug (D:1)
  7 orcs (D:3)
  5 bats
  4 endoplasms
  3 giant cockroaches
  4 goblins
  4 hobgoblins
  A quokka (D:1)
  4 ball pythons
  2 frilled lizards
  2 kobolds (D:1)
  2 rats (D:1)
46 creatures vanquished.

Notes
Turn   | Place    | Note
-------+----------+-------------------------------------------
     0 | D:1      | fragbeetle the Demonspawn Gladiator began the quest for the
                  | Orb.
     0 | D:1      | Reached XP level 1. HP: 16/16 MP: 1/1
    89 | D:1      | Reached skill level 3 in Polearms
   113 | D:1      | Discovered your monstrous ancestry.
   113 | D:1      | Gained mutation: You have large cloven feet. [demonic
                  | ancestry]
   113 | D:1      | Reached XP level 2. HP: 13/22 MP: 2/2
   314 | D:1      | Found a faded altar of an unknown god.
   332 | D:1      | Prayed at the altar of an unknown god.
   332 | D:1      | Became a worshipper of Lugonu the Unformed
   332 | D:1      | Reached * piety under Lugonu
   332 | D:1      | Reached ** piety under Lugonu
   635 | D:1      | Found Nomav's Magic Scroll Shoppe.
   638 | D:1      | Bought a scroll of identify for 22 gold pieces
  1110 | D:2      | Reached skill level 4 in Polearms
  1110 | D:2      | Gained mutation: You may rarely emit foul miasma when
                  | damaged in melee. [demonic ancestry]
  1110 | D:2      | Reached XP level 3. HP: 27/27 MP: 3/3
  1617 | D:2      | Reached XP level 4. HP: 31/33 MP: 4/4
  1739 | D:3      | Found Qesuth's Magic Scroll Boutique.
  1744 | D:3      | Bought a scroll of teleportation for 30 gold pieces
  1744 | D:3      | Bought a scroll of identify for 20 gold pieces
  1791 | D:3      | Found a hide-covered altar of Uskayaw.
  1915 | D:3      | Reached skill level 1 in Axes
  1944 | D:3      | Found a shimmering altar of Xom.
  2340 | D:3      | Slain by a wyvern skeleton

Illustrated notes

Levels and vault maps discovered:
D:1:      tarquinn_simple_flora_water_e, layout_loops_ring,
          hellmonk_ecumenical_altar_blasted, serial_shops, shop,
          ebering_dispersal_statue_hall
D:2:      layout_basic
D:3:      layout_basic, old_standard_altar,
          nicolae_uskayaw_murder_on_the_dancefloor,
          mainiacjoe_overflow_alcove_2, serial_shops, nicolae_shop_hallway_plus,
          minmay_misc_feat_x

Skill      XL: |  1  2  3  4 |
---------------+-------------+-----
Polearms       | 3 4 |  4.4
Axes           | 2 |  2.1
Fighting       | |  2.0
Throwing       | |  1.7
Dodging        | |  2.6

Action                   |  1- 3 |  4- 6 || total
-------------------------+-------+-------++-------
Melee: Trident           |    99 |       ||    99
       Punch             |     1 |     1 ||     2
       Kick              |     4 |       ||     4
       Hand axe          |     5 |    37 ||    42
  Use: Scroll            |     1 |     2 ||     3
       Potion            |       |     1 ||     1
 Stab: Sleeping          |       |     1 ||     1
Armor: Leather armour    |    28 |    10 ||    38
Dodge: Dodged            |    56 |     9 ||    65
